 Dungeon Crawl Stone Soup version 0.15-a0-1569-gdbe329f (console) character file.

4177 Money the Carver (level 10, 0/109 HPs)
             Began as a Centaur Gladiator on June 18, 2014.
             Was a Follower of Cheibriados.
             Killed from afar by an orc wizard (9 damage)
             ... with a magic dart
             ... on Level 1 of the Orcish Mines.
             The game lasted 00:30:47 (5287 turns).

Money the Carver (Centaur Gladiator)                Turns: 5287, Time: 00:30:47

HP   0/109       AC 26     Str 24      XL: 10   Next:  8%
MP   7/7         EV  1     Int 10      God: Cheibriados [*.....]
Gold 103         SH 12     Dex 15      Spells:  0 memorised,  9 levels left

rFire  . . .     SeeInvis +     e - +7 Screaming Sword
rCold  . . .     Clarity  +     L - melded +0 plate armour {rC+}
rNeg   + + +     rCorr    .     F - +2 shield
rPois  +         rRot     .     c - +0 helmet
rElec  .         Spirit   .     (cloak currently unavailable)
SustAb +         Warding  +     p - melded +0 pair of gloves (curse)
rMut   .         NoTele   +     (no barding)
Gourm  .                        m - amulet of warding
MR     .....                    B - ring of see invisible
                                k - ring of sustain abilities

@: tree-form, very slow, not resistant to hostile enchantments, unstealthy
A: (hooves 0), agile 1, clarity, (deformed body), (speed 0), low mp 1, (tough
skin 0)
a: Bend Time, Renounce Religion


You were on level 1 of the Orcish Mines.
You worshipped Cheibriados.
Cheibriados was aware of your devotion.
You were not hungry.
You were an animated tree.
You visited 3 branches of the dungeon, and saw 12 of its levels.

You collected 369 gold pieces.
You spent 266 gold pieces at shops.

Inventory:

Hand weapons
 a - a +0 quarterstaff
 e - the +7 Screaming Sword (weapon)
   (You found it on level 4 of the Dungeon)
 y - a +0 blowgun
Missiles
 N - 7 curare-tipped needles
Armour
 c - a +0 helmet (worn)
 p - a cursed +0 pair of gloves (melded)
 r - a +0 ring mail
 C - an ice dragon hide
 F - a +2 shield (worn)
 K - a +0 leather armour
 L - a +0 plate armour of cold resistance (melded)
 M - a +0 plate armour
 O - a +0 plate armour
Magical devices
 d - a wand of random effects (9) {unknown}
 Q - a wand of magic darts (16) {unknown}
Comestibles
 f - 8 bread rations
 g - 3 meat rations
 x - 2 beef jerkies
 I - 2 fruits
 R - 3 chunks of orc flesh
Scrolls
 i - a scroll of enchant armour {unknown}
 l - 2 scrolls of enchant weapon
 n - a scroll of noise {unknown}
 o - 5 scrolls of remove curse
 u - 2 scrolls of magic mapping
 v - 2 scrolls of fog
 w - 2 scrolls of blinking
 D - 3 scrolls of teleportation
 G - a scroll of acquirement {unknown}
 J - a scroll of amnesia {unknown}
 P - a scroll of holy word {unknown}
Jewellery
 k - a ring of sustain abilities (left branch)
 m - an amulet of warding (around neck)
 t - an uncursed ring of teleport control
 B - a ring of see invisible (right branch)
 H - an uncursed amulet of faith
Potions
 b - a potion of flight
 h - a potion of heal wounds {unknown}
 j - a potion of brilliance
 q - a potion of might
 s - 2 potions of curing
 z - a potion of haste
Magical staves
 A - an uncursed staff of earth {unknown}


   Skills:
 - Level 2.0 Fighting
 + Level 10.4 Long Blades
 - Level 2.6 Staves
 - Level 2.6 Throwing
 - Level 2.1 Dodging
 + Level 4.3 Shields
 - Level 6.7 Unarmed Combat
 - Level 1.0 Invocations


You had 9 spell levels left.
You didn't know any spells.

Dungeon Overview and Level Annotations

Branches:
Dungeon (10/15)            Temple (1/1) D:5             Orc (1/4) D:9
   Lair (0/8) D:10

Altars:
Ashenzari
Cheibriados
Dithmenos
Elyvilon
Fedhas
Gozag
Kikubaaqudgha
Makhleb
Nemelex Xobeh
Okawaru
Qazlal
Sif Muna
Trog
Vehumet
Xom
Yredelemnul
Zin
The Shining One

Shops:
D:5 [   D:6 [

Annotations:
D:8 Blork the orc
Orc:1 Psyche


Innate Abilities, Weirdness & Mutations

((You have hooves in place of feet.))*
((Armour fits poorly on your strangely shaped body.))*
((You cover ground very quickly.))*
((You have extremely tough skin (AC +3).))*
You are agile. (Dex +2)
You possess an exceptional clarity of mind.
Your magical capacity is low (-10% MP).


Message History

You kill the orc priest!
Cheibriados thoroughly appreciates the change of pace.
The Screaming Sword shouts, "The pen is mightier than the sword?
Come on, pens, here I am!"
The orc wizard hits you but does no damage.
The orc warrior hits you but does no damage.
You barely miss the orc warrior.
The orc wizard hits you but does no damage.
The orc warrior hits you but does no damage.
An orc wizard comes into view. It is wielding a dagger.
You slash the orc warrior!
The orc warrior is heavily wounded.
The orc wizard hits you but does no damage.
The orc wizard casts a spell.
The orc wizard blinks!
You block the orc warrior's attack. You block the orc wizard's attack.
You slash the orc warrior!
The orc warrior is almost dead.
The orc wizard casts a spell at you. The magic dart hits you!
You die...

. ##.....ooo#
.... .....o..$.#
..............##
....o....$.....
# .....
#..>....## ##.##
.......o.......
##....##..#o..§
.......
##.......o..#
.#. #.......♣o.#
.........)..#
...............
...............
..............#
##...........
....>......
......... ...


You could see an orc warrior, 2 orc wizards and an orc (wandering).

Vanquished Creatures
  A gargoyle (D:7)
  2 wyverns (D:10)
  A hippogriff (D:9)
  Edmund (D:8)
  5 orc warriors
  2 ice beasts
  A necrophage (D:6)
  3 sky beasts
  A black bear (D:8)
  A phantom (D:7)
  4 ogres
  A big kobold (D:8)
  2 centaurs
  A gnoll sergeant (D:9)
  3 jellies (D:6)
  2 scorpions
  6 crimson imps
  7 orc priests
  5 hounds
  2 iguanas
  8 orc wizards
  2 worker ants
  2 mummies
  7 gnolls
  10 adders
  3 orc skeletons
  2 oozes (D:3)
  61 orcs
  10 bats
  5 giant cockroaches
  9 goblins
  6 hobgoblins
  8 jackals
  3 quokkas
  6 giant geckos
  3 giant newts
  A goblin skeleton (D:4)
  2 hobgoblin skeletons
  16 kobolds
  A kobold skeleton (D:4)
  An orc zombie (D:9)
  A quokka zombie (D:7)
  14 rats
  A ballistomycete (D:9)
233 creatures vanquished.

Vanquished Creatures (others)
  A giant spore (D:9)
1 creature vanquished.

Grand Total: 234 creatures vanquished

Notes
Turn   | Place    | Note
--------------------------------------------------------------
     0 | D:1      | Money, the Centaur Gladiator, began the quest for the Orb.
     0 | D:1      | Reached XP level 1. HP: 17/17 MP: 1/1
    24 | D:1      | Reached skill level 1 in Unarmed Combat
    94 | D:1      | Reached XP level 2. HP: 5/24 MP: 2/2
   416 | D:3      | Reached XP level 3. HP: 20/29 MP: 3/3
   439 | D:2      | Reached skill level 3 in Unarmed Combat
   602 | D:2      | Reached XP level 4. HP: 12/36 MP: 3/3
   866 | D:3      | Found a bloodstained altar of Trog.
   897 | D:3      | Reached skill level 4 in Unarmed Combat
   961 | D:3      | Reached XP level 5. HP: 35/41 MP: 4/4
  1098 | D:4      | Reached skill level 5 in Unarmed Combat
  1253 | D:4      | Reached XP level 6. HP: 35/48 MP: 5/5
  1320 | D:4      | Reached skill level 6 in Unarmed Combat
  1556 | D:4      | Noticed a wyvern
  1687 | D:5      | Entered Level 5 of the Dungeon
  1687 | D:5      | Found Ippun's Armour Shop.
  1742 | D:5      | Found a staircase to the Ecumenical Temple.
  1788 | Temple   | Entered the Ecumenical Temple
  1817 | Temple   | Became a worshipper of Cheibriados the Contemplative
  1891 | D:4      | Reached skill level 1 in Invocations
  2004 | D:5      | Reached skill level 1 in Long Blades
  2024 | D:5      | Reached XP level 7. HP: 14/55 MP: 6/6
  2321 | D:6      | Reached skill level 5 in Long Blades
  2401 | D:6      | Found an iron altar of Okawaru.
  2492 | D:6      | Found Weg Inapp's Antique Armour Shoppe.
  2577 | D:6      | Reached XP level 8. HP: 58/61 MP: 7/7
  2691 | D:7      | Gained mutation: You possess an exceptional clarity of mind. [potion of mutation]
  2691 | D:7      | Gained mutation: Your magical capacity is low (-10% MP). [potion of mutation]
  2691 | D:7      | Gained mutation: You have a slow metabolism. [potion of mutation]
  2692 | D:7      | Lost mutation: You have a slow metabolism. [potion of mutation]
  2692 | D:7      | Gained mutation: You are agile. (Dex +2) [potion of mutation]
  2959 | D:8      | Reached skill level 7 in Long Blades
  3051 | D:8      | Noticed Blork the orc
  3166 | D:7      | Noticed a gargoyle
  3173 | D:7      | Killed a gargoyle
  3173 | D:7      | Reached skill level 8 in Long Blades
  3305 | D:6      | Reached XP level 9. HP: 67/67 MP: 7/7
  3347 | D:5      | Found a glowing golden altar of the Shining One.
  3347 | D:5      | Found a radiant altar of Vehumet.
  3347 | D:5      | Found an opulent altar of Gozag.
  3347 | D:5      | Found a glowing silver altar of Zin.
  3447 | D:6      | Bought a dazzling helmet for 266 gold pieces
  3451 | D:6      | Identified the cursed -5 helmet "Trotavux" {Stlth++} (You bought it in a shop on level 6 of the Dungeon)
  3541 | D:7      | Reached skill level 9 in Long Blades
  4319 | D:9      | Reached skill level 10 in Long Blades
  4401 | D:9      | Found a staircase to the Orcish Mines.
  4410 | D:9      | Reached skill level 1 in Shields
  4446 | Orc:1    | Entered Level 1 of the Orcish Mines
  4469 | Orc:1    | Noticed Psyche
  4685 | D:8      | Noticed Edmund
  4697 | D:8      | Killed Edmund
  4946 | D:9      | HP: 1/67 [orc warrior/war axe (13)]
  4976 | D:10     | Entered Level 10 of the Dungeon
  5065 | D:10     | Found a staircase to the Lair.
  5125 | D:10     | Reached XP level 10. HP: 18/73 MP: 7/7
  5287 | Orc:1    | Killed from afar by an orc wizard

Action                   |  1- 3 |  4- 6 |  7- 9 | 10-12 || total
-------------------------+-------+-------+-------+-------++-------
Melee: Quarterstaff      |    79 |    59 |       |       ||   138
       Unarmed           |       |    88 |    75 |       ||   163
       Bastard sword     |       |       |   233 |    42 ||   275
Throw: Throwing net      |     9 |     8 |    13 |       ||    30
Invok: Bend Time         |       |       |     3 |     2 ||     5
Evoke: Wand              |       |     1 |     5 |       ||     6
  Use: Scroll            |       |     5 |     7 |     1 ||    13
       Potion            |       |     1 |     3 |     1 ||     5
 Stab: Held in net/web   |     1 |     3 |     4 |       ||     8
